 Dungeon Crawl Stone Soup version 0.19-a0-599-g723c685 (webtiles) character file.

74 Laan the Chopper (level 4, -2/35 HPs)
             Began as a Mummy Fighter on June 11, 2016.
             Slain by an orc
             ... wielding a +0 short sword of electrocution
              (18 damage)
             ... on level 3 of the Dungeon.
             The game lasted 00:02:46 (1633 turns).

Laan the Chopper (Mummy Fighter)                    Turns: 1633, Time: 00:02:47

Health: -2/35      AC:  6    Str: 20    XL:     4   Next: 9%
Magic:  0/4        EV:  7    Int:  7    God:
Gold:   112        SH:  8    Dex: 11    Spells: 0 memorised, 3 levels left

rFire  x . .     SeeInvis .     a - +0 war axe
rCold  + . .     Gourm    .     b - +0 scale mail
rNeg   + + +     Faith    .     c - +0 shield
rPois  ∞         Spirit   +     (no helmet)
rElec  .         Dismiss  .     (no cloak)
rCorr  +         Reflect  .     (no gloves)
SustAt .         Harm     .     (no boots)
MR     .....                    j - amulet of guardian spirit
Stlth  ..........               (no ring)
                                i - ring of resist corrosion

@: not resistant to hostile enchantments, extremely unstealthy
A: no food or potions, fire vulnerability, cold resistance 1, negative energy
resistance 3, torment resistance, unbreathing
a: no special abilities


You were on level 3 of the Dungeon.
You were not hungry.

You visited 1 branch of the dungeon, and saw 3 of its levels.

You collected 112 gold pieces.

Inventory:

Hand Weapons
 a - a +0 war axe (weapon)
Armour
 b - a +0 scale mail (worn)
 c - a +0 shield (worn)
Jewellery
 i - a ring of resist corrosion (left hand)
 j - an amulet of guardian spirit (around neck)
Scrolls
 d - a scroll of enchant armour {unknown}
 e - a scroll of remove curse {unknown}
 f - a scroll of fog {unknown}
 g - a scroll of teleportation {unknown}
 h - 3 scrolls of identify {unknown}


   Skills:
 - Level 3.0 Fighting
 + Level 3.6 Axes
 - Level 2.4 Armour
 - Level 2.4 Shields


You had 3 spell levels left.
You didn't know any spells.

Dungeon Overview and Level Annotations

Branches:
Dungeon (3/15)

Altars:
Gozag
Trog


Innate Abilities, Weirdness & Mutations

You do not eat or drink.
Your flesh is vulnerable to fire.
You are immune to poison.
Your flesh is cold resistant. (rC+)
You are immune to negative energy. (rN+++)
You are immune to unholy pain and torment.
You can survive without breathing.


Message History

You closely miss the orc. x2; The orc barely misses you.
The orc closely misses you. You block the orc's attack.
The orc hits you but does no damage.
You hit the orc.
The orc is heavily wounded.
You closely miss the orc. x2; The orc hits you but does no damage.
You are electrocuted!
You block the orc's attack. The orc hits you with a hand axe.
You block the orc's attack. The orc hits you with a club.
You slash the orc!
You kill the orc!
Your shield and scale mail prevent you from hitting the orc.
You slash the orc!
You kill the orc!
You block the orc's attack.
You hit the orc but do no damage. The orc barely misses you.
The orc hits you with a short sword of electrocution.
You are electrocuted!
Ouch! That really hurt!
You die...

...# ....#.. ...##
#.#.#.# .#.......
....####.....
.........
.......#....#
.........
...###.#.#..#
#....>... ...#
#.#(#..####........
...#
#...#....##.......g
.###
####...#.##))......
##
##.###..#@)......
#..####.#.o......
#................
#.#######..######
#.# ...... #.#
........ #..
......... ...
......... . ...
..........


You could see an orc and a hobgoblin (wandering).

Vanquished Creatures
  2 adders (D:2)
  An ooze (D:2)
  2 dart slugs
  A giant gecko (D:2)
  3 orcs (D:3)
  3 bats
  2 giant cockroaches
  7 goblins
  7 hobgoblins
  7 kobolds
  2 giant newts (D:1)
  5 rats
42 creatures vanquished.

Notes
Turn   | Place    | Note
--------------------------------------------------------------
     0 | D:1      | Laan the Mummy Fighter began the quest for the Orb.
     0 | D:1      | Reached XP level 1. HP: 18/18 MP: 1/1
   175 | D:1      | Reached XP level 2. HP: 24/24 MP: 2/2
   698 | D:2      | Reached XP level 3. HP: 29/29 MP: 3/3
  1375 | D:2      | Found an opulent altar of Gozag.
  1407 | D:2      | Found a bloodstained altar of Trog.
  1596 | D:3      | Reached XP level 4. HP: 31/35 MP: 1/4
  1633 | D:3      | Slain by an orc

Vault maps used:
D:1:      mainiacjoe_arrival_reflecting_pool, serial_forest,
          infiniplex_forest_straight_1, infiniplex_forest_zigzag_2,
          infiniplex_forest_lined_room_3, infiniplex_forest_clump_long,
          infiniplex_forest_clump_small, infiniplex_forest_straight_2
D:2:      bloody_trog, nicolae_gozag_cash_rules_everything_around_me
D:3:      minmay_goblin_kobold_castle, yredelemnul_forgotten_temple_becter,
          first_bread

Skill      XL: |  1  2  3 |
---------------+----------+-----
Axes           | 2 3 |  3.6
Fighting       | |  3.0
Armour         | |  2.4
Shields        | |  2.4

Action                   |  1- 3 |  4- 6 || total
-------------------------+-------+-------++-------
Melee: War axe           |   137 |     7 ||   144
Armor: Scale mail        |    63 |     2 ||    65
Dodge: Dodged            |    58 |     5 ||    63
Block: Shield            |    73 |     4 ||    77
